 Dungeon Crawl Stone Soup version 0.22-a0-612-gd2f0174 (webtiles) character file.

3 iamserjio the Chopper (level 1, 0/21 HPs)
             Began as a Naga Berserker on July 11, 2018.
             Was a Follower of Trog.
             Slain by a leopard gecko (2 damage)
             ... on level 1 of the Dungeon.
             The game lasted 00:00:23 (38 turns).

iamserjio the Chopper (Naga Berserker)                Turns: 38, Time: 00:00:24

Health: 0/21       AC:  1    Str: 19    XL:     1   Next: 50%
Magic:  1/1        EV: 10    Int:  7    God:    Trog [*.....]
Gold:   9          SH:  0    Dex: 10    Spells: 0/0 levels left

rFire    . . .     SeeInvis +   a - +0 hand axe
rCold    . . .     Gourm    .   (no shield)
rNeg     . . .     Faith    .   b - +0 animal skin
rPois    +         Spirit   .   (no helmet)
rElec    .         Reflect  .   (no cloak)
rCorr    .         Harm     .   (no gloves)
MR       .....                  (no barding)
Stlth    +.........             (no amulet)
HPRegen  0.07/turn              (no ring)
MPRegen  0.07/turn              (no ring)

@: berserk cooldown, very slow
A: large, see invisible, deformed body, poison resistance, slowness 2, slow
metabolism 1, spit poison 1, AC +0
a: Spit Poison, Berserk, Renounce Religion


You were on level 1 of the Dungeon.
You worshipped Trog.
Trog was aware of your devotion.
You were not hungry.

You visited 1 branch of the dungeon, and saw 1 of its levels.

You collected 9 gold pieces.

Inventory:

Hand Weapons
 a - a +0 hand axe (weapon)
 d - a +0 hunting sling
Armour
 b - a +0 animal skin (worn)
Comestibles
 c - a ration


   Skills:
 + Level 3.0 Fighting
 * Level 3.1 Axes
 + Level 1.6 Armour
 - Level 1.5 Dodging
 + Level 0.4 Stealth


You couldn't memorise any spells.
You didn't know any spells.
Your spell library was empty.

Dungeon Overview and Level Annotations

Branches:
Dungeon (1/15)

Altars:


Innate Abilities, Weirdness & Mutations

You cannot wear boots.
Your serpentine skin is tough. (AC +0)
You have supernaturally acute eyesight. (SInv)
Armour fits poorly on your strangely shaped body.
Your system is resistant to poisons. (rPois)
You cover ground very slowly.
You have a slow metabolism.
You can spit poison.


Message History

The bat hits you. The bat hits you but does no damage.
You closely miss the leopard gecko. The bat misses you.
The leopard gecko bites you. x2
You miss the leopard gecko. You closely miss the bat. The bat hits you.
The leopard gecko bites you. The leopard gecko closely misses you.
You closely miss the leopard gecko. You barely miss the bat. The bat hits you.
The leopard gecko closely misses you. The leopard gecko barely misses you.
You barely miss the leopard gecko. The bat misses you.
The leopard gecko closely misses you. The leopard gecko barely misses you.
You completely miss the leopard gecko. The bat hits you.
The leopard gecko closely misses you.
You miss the leopard gecko. You closely miss the bat.
You feel yourself speed up. The bat hits you. The leopard gecko bites you.
* * * LOW HITPOINT WARNING * * *
The leopard gecko bites you.
* * * LOW HITPOINT WARNING * * *
The leopard gecko bites you.
You die...

. #........###..
.###............
.. ............#
#. .
....).(.....# ..
.. ##'########.#
.## ... .....#
#.# ##.b ....
.....#
##.####..#....#
..8..+
#....##l..?#
.....#
##.#.##@..##
.....#
#.........#
##'###
####..........
#...#
#........#.
#.<.#
...........
#...#
............
#####
.............
..............
..............


You could see a leopard gecko and a bat.

Vanquished Creatures
  A goblin (D:1)
  A hobgoblin (D:1)
  A frilled lizard (D:1)
3 creatures vanquished.

Notes
Turn   | Place    | Note
-------+----------+-------------------------------------------
     0 | D:1      | iamserjio the Naga Berserker began the quest for the Orb.
     0 | D:1      | Reached XP level 1. HP: 21/21 MP: 1/1
    38 | D:1      | Slain by a leopard gecko

Vault maps used:
D:1:      minmay_arrival_stair_chambers, roderic_lattice_a, tso_altar

Action                   || total
-------------------------++-------
Melee: Hand axe          ||     9
Invok: Berserk           ||     1
Armor: Animal skin       ||     1
Dodge: Dodged            ||     9

Table legend:
 A = Spawn XP
 B = Non-spawn XP
 C = Spawn XP percentage of total XP
 D = Spawn monster count
 E = Non-spawn monster count
 F = Spawn count percentage of total count
 G = Total turns spent on level
                    A         B        C        D         E        F      G
               +---------+---------+-------+---------+---------+-------+---------
         Total |       0 |       5 |   0.0 |       0 |       3 |   0.0 |    38
               +---------+---------+-------+---------+---------+-------+---------
           D:1 |       0 |       5 |   0.0 |       0 |       3 |   0.0 |    38
               +---------+---------+-------+---------+---------+-------+---------
